 Dungeon Crawl Stone Soup version 0.28-a0-723-g095bd1b44f (webtiles) character file.

Game seed: 10579538951702060559

63 willcat the Sneak (level 4, -10/35 HPs)
             Began as a Human Delver on Oct 25, 2021.
             Killed by nerve-wracking pain
             ... invoked by an orc priest
              (14 damage)
             ... on level 6 of the Dungeon.
             The game lasted 00:00:40 (291 turns).

willcat the Sneak (Human Delver)                     Turns: 291, Time: 00:00:41

Health: -10/35     AC:  3    Str: 12    XL:     4   Next: 30%
Magic:  4/4        EV: 12    Int: 12    God:
Gold:   25         SH:  0    Dex: 14    Spells: 3/3 levels left

rFire   . . .      SeeInvis .   a - +0 short sword
rCold   . . .      Faith    .   (no shield)
rNeg    . . .      Spirit   .   b - +0 leather armour
rPois   .          Reflect  .   (no helmet)
rElec   .          Harm     .   (no cloak)
rCorr   .          Rampage  .   (no gloves)
Will    .....                   (no boots)
Stlth   +++.......              (no amulet)
HPRegen 0.11/turn               (no ring)
MPRegen 0.09/turn               (no ring)

@: hasted, very quick
A: no striking features
a: no special abilities


You were on level 6 of the Dungeon.
You visited 1 branch of the dungeon, and saw 2 of its levels.

You collected 25 gold pieces.

Inventory:

Hand Weapons
 a - a +0 short sword (weapon)
Armour
 b - a +0 leather armour (worn)
Wands
 g - a wand of digging (2)
Scrolls
 c - a scroll of fog
 d - a scroll of magic mapping


   Skills:
 - Level 3.0 Fighting
 + Level 2.9 Short Blades
 + Level 2.9 Dodging
 + Level 5.5 Stealth


You had 3 spell levels left.
You didn't know any spells.
Your spell library was empty.

Dungeon Overview and Level Annotations

Branches:
Dungeon (6/15)
 Temple: D:4-7

Altars:

Annotations:
D:6 Sigmund


Message History

Unknown command.
You closely miss the howler monkey.
The howler monkey is moderately wounded.
The howler monkey hits you.
Unknown command.
You hit the howler monkey.
The howler monkey is moderately wounded.
The orc hits you with a +0 club.
* * * LOW HITPOINT WARNING * * *
The howler monkey hits you but does no damage.
Unknown command.
You hit the howler monkey.
The howler monkey is severely wounded.
The howler monkey misses you.
Unknown command.
You hit the howler monkey.
The howler monkey is almost dead.
The orc hits you with a +0 club.
* * * LOW HITPOINT WARNING * * *
The howler monkey hits you.
* * * LOW HITPOINT WARNING * * *
Unknown command.
You hit the howler monkey.
You kill the howler monkey!
The orc hits you but does no damage.
You have reached level 4!
You feel clever.
You see here a howler monkey corpse.
Unknown command.
Sigmund closely misses you.
A howler monkey zombie comes into view.
The orc priest begins to cast a cantrip, but forgets the words!
Aiming: Dig
Press: ? - help, Shift-Dir - straight line A rock wall.
The rock shatters into small pieces.
The howler monkey zombie barely misses you.
The orc priest mumbles some strange prayers to Beogh against you.
Pain shoots through your body!
You die...

# # ############ #
##.....o....#
######.$..#†####@#
..........@#.##.Z#
######!.O..o##.#.#
## ##.##.##.##.#
.# #.#....# #.# .#
#.#...# #.# .#
#.#...# #.# .##
#h#..## #.#
..#####o##.####


You could see an orc priest and a howler monkey zombie.

Vanquished Creatures
  A howler monkey (D:6)
  A centaur skeleton (D:6)
2 creatures vanquished.

Notes
Turn   | Place    | Note
-------+----------+-------------------------------------------
     0 | D:5      | willcat the Human Delver began the quest for the Orb.
     0 | D:5      | Reached XP level 1. HP: 18/18 MP: 1/1
    75 | D:5      | Noticed an orc priest
    81 | D:6      | Noticed an orc priest
    83 | D:6      | Noticed an iguana
    90 | D:6      | Reached XP level 2. HP: 13/24 MP: 2/2
    90 | D:6      | Reached XP level 3. HP: 16/29 MP: 3/3
   242 | D:6      | Noticed an ogre
   252 | D:6      | Noticed Sigmund
   285 | D:6      | Reached XP level 4. HP: 3/35 MP: 4/4
   291 | D:6      | Killed from afar by an orc priest

Illustrated notes

Levels and vault maps discovered:
D:5:      layout_basic, cheibrodos_sewer_entry_bend
D:6:      layout_loops_ring, uniq_blork_the_orc, uniq_sigmund, uniq_menkaure,
          uniq_maggie

Action                   |  1- 3 |  4- 6 || total
-------------------------+-------+-------++-------
Melee: Short sword       |    18 |       ||    18
Evoke: Wand              |       |     1 ||     1
  Use: Scroll            |     1 |       ||     1
       Potion            |     1 |       ||     1
 Stab: Sleeping          |     2 |       ||     2
Armor: Leather armour    |     7 |       ||     7
Dodge: Dodged            |    15 |     2 ||    17

Table legend: (Time is in decaauts)
 A = Elapsed time spent in this place.
 B = Non-inter-level travel time spent in this place.
 C = Inter-level travel time spent in this place.
 D = Time resting spent in this place.
 E = Time spent auto-exploring this place.
 F = Levels seen in this place.
 G = Mean time per level.
                   A        B        C        D        E       F      G
               +--------+--------+--------+--------+--------+-----+--------+
         Total |    286 |    286 |      0 |    137 |     73 |   2 |  143.0 |
       Dungeon |    286 |    286 |      0 |    137 |     73 |   2 |  143.0 |
               +--------+--------+--------+--------+--------+-----+--------+

Top non-repeatable levels by time:
     D:6: 205 daAuts
     D:5: 81 daAuts
